 Dungeon Crawl Stone Soup version 0.29.0-15-g675c0067aa (webtiles) character file.

Game seed: 3649667686786948265

253 Tsarbomb the Stinger (level 6, -4/41 HPs)
             Began as a Merfolk Venom Mage on Sept 11, 2022.
             Was a Follower of Vehumet.
             Slain by a two-headed ogre
             ... wielding a +0 giant club
              (36 damage)
             ... on level 5 of the Dungeon.
             The game lasted 00:18:14 (4320 turns).

Tsarbomb the Stinger (Merfolk Venom Mage)           Turns: 4320, Time: 00:18:15

Health: -4/41      AC:  2    Str:  8    XL:     6   Next: 14%
Magic:  5/9        EV: 13    Int: 17    God:    Vehumet [*.....]
Gold:   142        SH:  0    Dex: 14    Spells: 3/9 levels left

rFire   + . .      SeeInvis .   d - +0 dagger
rCold   . . .      Faith    .   (no shield)
rNeg    . . .      Spirit   .   a - +0 robe
rPois   +          Reflect  .   (no helmet)
rElec   .          Harm     .   (no cloak)
rCorr   .          Rampage  .   (no gloves)
Will    .....                   (no boots)
Stlth   ++........              l - amulet of regeneration
HPRegen 0.93/turn               c - ring of poison resistance
MPRegen 0.11/turn               f - ring of protection from fire

@: no status effects
A: (nimble swimmer 2), mertail
a: Renounce Religion


You were on level 5 of the Dungeon.
You worshipped Vehumet.
Vehumet was aware of your devotion.
You visited 2 branches of the dungeon, and saw 6 of its levels.

You collected 181 gold pieces.
You spent 39 gold pieces at shops.

Inventory:

Hand Weapons
 d - a +0 dagger (weapon)
Missiles
 s - 9 stones
Armour
 a - a +0 robe (worn)
Jewellery
 c - a ring of poison resistance (left hand)
 f - a ring of protection from fire (right hand)
 i - a ring of protection from fire
 l - an amulet of regeneration (around neck)
Scrolls
 e - 4 scrolls of identify {unknown}
 h - a scroll of teleportation
 j - a scroll of magic mapping {unknown}
 k - a scroll of blinking {unknown}
 m - a scroll of fear {unknown}
 n - a scroll of torment {unknown}
 o - a scroll of poison {unknown}
 p - 2 scrolls of vulnerability {unknown}
 r - 3 scrolls of butterflies {unknown}
 t - a scroll of amnesia {unknown}
Potions
 b - 2 potions of magic
 g - 3 potions of flight {unknown}
 q - a potion of ambrosia {unknown}


   Skills:
 - Level 2.0 Short Blades
 - Level 4.1 Dodging
 - Level 3.1 Stealth
 - Level 2.0 Spellcasting
 * Level 1.0 Conjurations
 - Level 1.3 Transmutations
 - Level 2.0 Air Magic
 + Level 5.0 Poison Magic


You had 3 spell levels left.
You knew the following spells:

 Your Spells              Type           Power      Damage    Failure   Level
a - Sting                 Tmut/Pois      48%        1d5       5%          1
b - Poisonous Vapours     Pois/Air       26%        N/A       7%          2
c - Mephitic Cloud        Conj/Pois/Air  10%        N/A       19%         3

Your spell library contained the following spells:

 Spells                   Type           Power      Damage    Failure   Level
 Magic Dart               Conj           20%        1d4       13%         1
 Shock                    Conj/Air       24%        1d4       11%         1
 Swiftness                Air            8%         N/A       26%         3
 Olgreb's Toxic Radiance  Pois           18%        N/A       24%         4
 Airstrike                Air            4%         2d(1-17)  63%         4


Dungeon Overview and Level Annotations

Branches:
Dungeon (5/15)             Temple (1/1) D:4

Altars:
Ashenzari
Cheibriados
Elyvilon
Fedhas
Hepliaklqana
Kikubaaqudgha
Makhleb
Qazlal
Ru
Vehumet
Wu Jian
Xom
Yredelemnul
Zin
The Shining One

Shops:
D:2 *?=!

Annotations:
D:2 1 runed translucent door, Crazy Yiuf
D:3 Sigmund


Innate Abilities, Weirdness & Mutations

((You are very nimble when in or above water. (Stealth+, EV+, Speed+++)))
Your lower body shifts to a powerful aquatic tail in water.


Message History

A dart slug comes into view.
There is an open door here.
The helpless dart slug fails to defend itself.
You puncture the dart slug!
You kill the dart slug!
Vehumet accepts your kill.
You see here a dart slug corpse.
A two-headed ogre is nearby!
Casting: Sting (safe; 5% risk of failure)
Confirm with . or Enter, or press ? or * to list all spells.
Aiming: Poisonous Vapours (safe; 7% risk of failure)
Press: ? - help, Dir - move target, f - two-headed ogre
Aim: a two-headed ogre, wielding two +0 giant clubs Poisonous vapours surround the two-headed ogre!
The two-headed ogre is poisoned.
Casting: Poisonous Vapours (safe; 7% risk of failure)
Confirm with . or Enter, or press ? or * to list all spells.
Aiming: Poisonous Vapours (safe; 7% risk of failure)
Press: ? - help, Dir - move target, f/p - two-headed ogre
Aim: a two-headed ogre, wielding two +0 giant clubs (poisoned) Poisonous vapours surround the two-headed ogre!
The two-headed ogre looks even sicker.
The two-headed ogre attacks as you move away!
The two-headed ogre hits you with a +0 giant club!!
Ouch! That really hurt!
The two-headed ogre misses you.
The two-headed ogre attacks as you move away!
The two-headed ogre closely misses you. The two-headed ogre misses you.
There is an open door here.
Casting: Poisonous Vapours (safe; 7% risk of failure)
Confirm with . or Enter, or press ? or * to list all spells.
Aiming: Poisonous Vapours (safe; 7% risk of failure)
Press: ? - help, Dir - move target, f/p - two-headed ogre
Aim: a two-headed ogre, wielding two +0 giant clubs (lightly wounded) Poisonous vapours surround the two-headed ogre!
The two-headed ogre is poisoned.
The two-headed ogre attacks as you move away!
The two-headed ogre hits you with a +0 giant club!!!
Ouch! That really hurt!
You die...

#.# 8.8 #.# ##.##
8.8 ### ####.# #
####8###8##.##8##8##
#†'.O@.....[........
#.##8###8##.##8##8##
#.#### ####)## # #.#
#8)8# ### #.###
##.## ##.## #...#
##.## #...## ###.#
#8.8# #<...# #.#
##.#####..... #.##
##.##.#....#.


You could see a two-headed ogre (poisoned).

Vanquished Creatures
  An iguana (D:5)
  2 orc wizards
  4 adders
  2 ufetubi
  A worm (D:2)
  3 dart slugs
  13 orcs
  6 ball pythons
  3 bats
  7 endoplasms
  14 giant cockroaches
  8 goblins
  10 hobgoblins
  7 jackals
  3 quokkas
  3 frilled lizards
  3 kobolds
  5 rats
95 creatures vanquished.

Notes
Turn   | Place    | Note
-------+----------+-------------------------------------------
     0 | D:1      | Tsarbomb the Merfolk Venom Mage began the quest for the
                  | Orb.
     0 | D:1      | Reached XP level 1. HP: 13/13 MP: 3/3
   314 | D:1      | Reached XP level 2. HP: 19/19 MP: 5/5
   459 | D:1      | Found a faded altar of an unknown god.
   725 | D:1      | Reached skill level 1 in Short Blades
   731 | D:1      | Reached XP level 3. HP: 24/24 MP: 6/6
  1160 | D:2      | Found Hazaetiw's Distillery.
  1234 | D:2      | Reached skill level 4 in Poison Magic
  1249 | D:2      | Learned a level 2 spell: Poisonous Vapours
  1588 | D:2      | Reached skill level 1 in Air Magic
  1588 | D:2      | Reached XP level 4. HP: 21/30 MP: 4/7
  1888 | D:2      | Found Zuojyosi's Jewellery Emporium.
  2104 | D:2      | Found Diuwnarato's Magic Scroll Shoppe.
  2117 | D:2      | Bought a scroll of teleportation for 39 gold pieces
  2184 | D:2      | Found Xoothy's Assorted Antiques.
  2366 | D:2      | Found a runed translucent door.
  2367 | D:2      | Noticed Crazy Yiuf
  2614 | D:3      | Noticed Sigmund
  2666 | D:4      | Found a staircase to the Ecumenical Temple.
  2670 | D:4      | Noticed a phantom
  2672 | Temple   | Entered the Ecumenical Temple
  3163 | Temple   | Became a worshipper of Vehumet
  3246 | Temple   | Reached XP level 5. HP: 35/35 MP: 3/8
  3578 | D:4      | Found a burning altar of Makhleb.
  3694 | D:4      | You fall into a shaft and drop 1 floor!
  3694 | D:5      | Entered Level 5 of the Dungeon
  3694 | D:5      | Found a broken altar of Ashenzari.
  3741 | D:5      | Learned a level 3 spell: Mephitic Cloud
  3890 | D:5      | Reached * piety under Vehumet
  3890 | D:5      | Offered knowledge of Magic Dart by Vehumet.
  3972 | D:5      | Found a hazy altar of Hepliaklqana.
  3973 | D:5      | Found a shimmering altar of Xom.
  3974 | D:5      | Noticed a spectral ugly thing
  4135 | D:5      | Noticed a two-headed ogre
  4192 | D:5      | Reached XP level 6. HP: 41/41 MP: 3/9
  4205 | D:5      | Reached skill level 1 in Conjurations
  4205 | D:5      | Reached skill level 5 in Poison Magic
  4320 | D:5      | Slain by a two-headed ogre

Illustrated notes

Levels and vault maps discovered:
D:1:      beargit_arrival_greenhouse, layout_loops_ring,
          dreamdust_ecumenical_altar_grove, chequers_garden
D:2:      minmay_roachtagon, layout_loops_ring, serial_shops,
          nicolae_shop_trees, shop, shop, shop, minmay_pentomino_pile,
          uniq_crazy_yiuf_cottage
D:3:      layout_loops_ring, uniq_sigmund
D:4:      layout_basic, lemuel_doored_altar, minmay_temple_entry_arrows,
          nicolae_ossuary_entry_giza
D:5:      layout_cave_pools, regret_index_temple_of_mockery,
          nicolae_ashenzari_panopticon, dancing_weapons_uskayaw,
          gammafunk_ghost_hive, serial_park_tiny_2, chequers_arboretum,
          dk_noncrumbling_2, serial_bayou_lagoon_a
Temple:   chequers_temple_sunken

Skill      XL: |  1  2  3  4  5  6 |
---------------+-------------------+-----
Dodging        | 3 4 |  4.1
Short Blades   | 1 2 |  2.0
Poison Magic   | 4 5 |  5.0
Air Magic      | 1 2 |  2.0
Stealth        | 3 |  3.1
Conjurations   | 1 |  1.0
Spellcasting   | |  2.0
Transmutations | |  1.3

Action                   |  1- 3 |  4- 6 || total
-------------------------+-------+-------++-------
Melee: Dagger            |   128 |   150 ||   278
       Unarmed           |     2 |       ||     2
       Tailslap          |       |     1 ||     1
       Punch             |       |     1 ||     1
 Cast: Sting             |    24 |    21 ||    45
       Poisonous Vapours |     3 |    41 ||    44
  Use: Scroll            |       |     1 ||     1
 Stab: Sleeping          |     6 |     7 ||    13
Armor: Robe              |    21 |    28 ||    49
Dodge: Dodged            |   108 |   143 ||   251
